 Dungeon Crawl Stone Soup version 0.29.0-4-gdea44cf6ec (webtiles) character file.

Game seed: 11372673876443179384

3578 qw the Cleaver (level 9, -1/81 HPs)
             Began as a Minotaur Berserker on Sept 6, 2022.
             Was a Priest of Trog.
             Succumbed to a killer bee's poison
             ... on level 8 of the Dungeon.
             The game lasted 00:02:24 (7763 turns).

qw the Cleaver (Minotaur Berserker)                 Turns: 7763, Time: 00:02:25

Health: -1/81      AC: 12    Str: 26    XL:     9   Next: 84%
Magic:  8/8        EV: 10    Int:  4    God:    Trog [***...]
Gold:   405        SH:  0    Dex: 16    Spells: 8/8 levels left

rFire   + . .      SeeInvis .   g - +0 war axe
rCold   . . .      Faith    .   (no shield)
rNeg    . . .      Spirit   .   m - +0 chain mail
rPois   .          Reflect  .   (helmet restricted)
rElec   .          Harm     .   (no cloak)
rCorr   .          Rampage  .   r - +1 pair of gloves
Will    .....                   (no boots)
Stlth   ..........              (no amulet)
HPRegen 0.23/turn               c - ring of protection from fire
MPRegen 0.11/turn               a - +6 ring of dexterity

@: lethally poisoned (-1 -> -10), on berserk cooldown, slowed, very slow
A: horns 2, retaliatory headbutt
a: Renounce Religion, Berserk, Trog's Hand


You were on level 8 of the Dungeon.
You worshipped Trog.
Trog was most pleased with you.
You visited 1 branch of the dungeon, and saw 8 of its levels.

You collected 405 gold pieces.


Innate Abilities, Weirdness & Mutations

You have a pair of horns on your head.
You reflexively headbutt those who attack you in melee.


   Skills:
 - Level 8.0 Fighting
 + Level 14.2 Axes
 - Level 1.6 Throwing
 - Level 5.0 Armour
 - Level 4.0 Dodging


You had 8 spell levels left.
You didn't know any spells.
Your spell library was empty.

Inventory:

Hand Weapons
 g - a +0 war axe (weapon)
 h - a +2 morningstar
Missiles
 k - a boomerang (quivered)
Armour
 m - a +0 chain mail (worn)
 r - a +1 pair of gloves (worn)
Jewellery
 a - a +6 ring of dexterity (right hand)
 c - a ring of protection from fire (left hand)
 d - a ring of ice
 t - a ring of willpower
Scrolls
 l - a scroll of identify
Potions
 b - 3 potions of haste
 f - a potion of mutation
 i - 2 potions of cancellation
 o - 5 potions of curing
 s - a potion of magic {unknown}

Dungeon Overview and Level Annotations

Branches:
Dungeon (8/15)             Temple (0/1) D:5
   Lair: D:8-11

Altars:
Ashenzari
Elyvilon
Fedhas
Gozag
Hepliaklqana
Makhleb
Okawaru
Trog
Uskayaw
Wu Jian
Zin

Annotations:
D:3 1 runed translucent door, Crazy Yiuf


Message History

Enter note: Throw: boomerang
Press: ? - help, Q - select action Shift-Dir - straight line, f - killer bee You throw a boomerang.
The boomerang hits the killer bee.
The killer bee is moderately wounded.
You miss the killer bee.
The killer bee is moderately wounded.
The killer bee stings you but does no damage.
The killer bee stings you.
You are poisoned.
The killer bee poisons you!
The killer bee stings you but does no damage.
You hit the killer bee.
The killer bee is severely wounded.
You feel very sick.
The killer bee stings you but does no damage. x2
You slice the killer bee!!
You kill the killer bee!
Trog accepts your kill.
You feel sick. The killer bee barely misses you. The killer bee stings you!
You are more poisoned.
The killer bee poisons you!
7761 ||| READING scroll of teleportation.
As you read the scroll of teleportation, it crumbles to dust.
You feel strangely unstable.
You feel very sick.
The killer bee buzzes angrily.
The killer bee stings you.
You are more poisoned.
The killer bee poisons you!
The killer bee stings you but does no damage. x2
You barely miss the killer bee. Your headbutt misses the killer bee.
You feel very sick.
The killer bee stings you but does no damage.
The killer bee barely misses you.
You miss the killer bee.
The killer bee is moderately wounded.
You hit the killer bee.
Your surroundings seem slightly different.
You die...

#........# # . ......<.#
#........# #..#........#
#........# #..##.......#
##.......####...y......?#
.........#....y¤....... .
...............?....
....................
....................
.......@............
....#............... .
##........<.....
#.#..........## ..
##.#### .## .# . # .


You could see 2 killer bees.

Vanquished Creatures
  Grinder (D:4)
  Sigmund (D:4)
  Eustachio (D:4)
  Menkaure (D:5)
  2 acid dragons (D:8)
  2 water moccasins
  2 orc warriors (D:6)
  2 ice beasts (D:7)
  An ogre (D:4)
  A centaur (D:7)
  3 phantoms
  A kobold brigand (D:5)
  A bullfrog (D:7)
  2 necrophages (D:6)
  A scorpion (D:6)
  9 wights
  4 killer bees (D:8)
  An electric eel (D:6)
  A howler monkey (D:7)
  2 hounds
  A gnoll bouda (D:8)
  2 jellies
  6 orc priests
  4 iguanas
  Terence (D:3)
  2 orc wizards (D:7)
  5 gnolls (D:8)
  7 adders
  2 shadow imps (D:7)
  5 white imps
  2 ufetubi (D:6)
  2 dart slugs (D:1)
  13 orcs
  7 ball pythons
  An endoplasm (D:3)
  6 giant cockroaches
  3 goblins
  11 hobgoblins
  3 jackals (D:2)
  4 quokkas
  A bat (D:3)
  4 frilled lizards
  10 kobolds
  6 rats
147 creatures vanquished.

Vanquished Creatures (others)
  8 plants (D:6)
8 creatures vanquished.

Grand Total: 155 creatures vanquished

Notes
Turn   | Place    | Note
-------+----------+-------------------------------------------
     0 | D:1      | qw the Minotaur Berserker began the quest for the Orb.
     0 | D:1      | Reached XP level 1. HP: 19/19 MP: 0/0
     0 | D:1      | 0 ||| qw: Version: 0.1-a-107-g9ff403c
     0 | D:1      | 0 ||| qw: Game counter: 6159
     0 | D:1      | 0 ||| qw: Always use a shield: true
     0 | D:1      | 0 ||| qw: Do Orc after D:15 true
     0 | D:1      | 0 ||| qw: Do second Lair branch before Depths: true
     0 | D:1      | 0 ||| qw: Lair rune preference: random
     0 | D:1      | 0 ||| qw: Plans: Normal
     0 | D:1      | 0 ||| PLANNING D:1-11
   123 | D:1      | Reached skill level 4 in Axes
   185 | D:1      | Reached XP level 2. HP: 26/26 MP: 1/1
   204 | D:1      | 204 ||| Stepping ~*~*~tactically~*~*~ (stealth).
   205 | D:1      | 205 ||| Stepping ~*~*~tactically~*~*~ (stealth).
   206 | D:1      | 206 ||| Stepping ~*~*~tactically~*~*~ (stealth).
   521 | D:1      | 521 ||| Stepping ~*~*~tactically~*~*~ (stealth).
  1030 | D:1      | Reached skill level 5 in Axes
  1057 | D:1      | 1057 ||| UPGRADING to +0 ring mail.
  1067 | D:1      | 1067 ||| DROPPING +0 animal skin.
  1068 | D:1      | 1068 ||| UPGRADING to ring of protection from fire.
  1069 | D:1      | 1069 ||| READING scroll labelled FUEDOAGOEH.
  1070 | D:1      | 1070 ||| READING scroll labelled WUOMIGESUD.
  1071 | D:1      | 1071 ||| READING scroll labelled IDIRELE ROMANEEC.
  1085 | D:2      | 1085 ||| Stepping ~*~*~tactically~*~*~ (stealth).
  1086 | D:2      | 1086 ||| Stepping ~*~*~tactically~*~*~ (stealth).
  1097 | D:2      | Reached XP level 3. HP: 31/31 MP: 2/2
  1099 | D:2      | 1099 ||| Stepping ~*~*~tactically~*~*~ (stealth).
  1100 | D:2      | 1100 ||| Stepping ~*~*~tactically~*~*~ (stealth).
  1107 | D:2      | 1107 ||| Stepping ~*~*~tactically~*~*~ (stealth).
  1170 | D:2      | Reached ** piety under Trog
  1346 | D:2      | Found a faded altar of an unknown god.
  1567 | D:2      | 1567 ||| DROPPING +0 club.
  1580 | D:2      | 1580 ||| UPGRADING to +0 chain mail.
  1590 | D:2      | 1590 ||| DROPPING +0 ring mail.
  1591 | D:2      | 1591 ||| UPGRADING to ring of willpower.
  1592 | D:2      | 1592 ||| READING scroll labelled QUXURUTOCW.
  1593 | D:2      | 1593 ||| READING scroll labelled XEOMUMYUSCH.
  1594 | D:2      | 1594 ||| DRINKING 3 red potions.
  1678 | D:3      | 1678 ||| Stepping ~*~*~tactically~*~*~ (stealth).
  1757 | D:3      | 1757 ||| Stepping ~*~*~tactically~*~*~ (stealth).
  1771 | D:3      | Found a bloodstained altar of Trog.
  1827 | D:3      | Reached skill level 6 in Axes
  1827 | D:3      | Reached XP level 4. HP: 39/39 MP: 3/3
  1845 | D:3      | 1845 ||| READING scroll of enchant weapon.
  1845 | D:3      | 1845 ||| ENCHANTING +1 hand axe.
  1862 | D:3      | Noticed Terence
  1866 | D:3      | 1866 ||| INVOKING Berserk.
  1868 | D:3      | Killed Terence
  2105 | D:3      | Found a runed translucent door.
  2106 | D:3      | Noticed Crazy Yiuf
  2145 | D:3      | 2145 ||| UPGRADING to +6 ring of dexterity.
  2182 | D:4      | Noticed a phantom
  2195 | D:4      | Killed a phantom
  2196 | D:4      | Reached skill level 7 in Axes
  2196 | D:4      | Reached XP level 5. HP: 38/45 MP: 4/4
  2253 | D:4      | Noticed Sigmund
  2254 | D:4      | 2254 ||| INVOKING Berserk.
  2259 | D:4      | Killed Sigmund
  2260 | D:4      | Reached XP level 6. HP: 57/57 MP: 5/5
  2381 | D:4      | Found a hazy altar of Hepliaklqana.
  2381 | D:4      | Found a burning altar of Makhleb.
  2389 | D:4      | Found an iron altar of Okawaru.
  2391 | D:4      | Found a glowing silver altar of Zin.
  2393 | D:4      | Found a blossoming altar of Fedhas.
  2435 | D:4      | 2435 ||| INVOKING Berserk.
  2438 | D:4      | Reached skill level 8 in Axes
  2564 | D:4      | Noticed Grinder
  2565 | D:4      | 2565 ||| INVOKING Trog's Hand.
  2566 | D:4      | 2566 ||| INVOKING Berserk.
  2571 | D:4      | Killed Grinder
  2572 | D:4      | Reached skill level 9 in Axes
  2572 | D:4      | Reached XP level 7. HP: 62/62 MP: 6/6
  2688 | D:4      | Noticed Eustachio
  2689 | D:4      | 2689 ||| INVOKING Berserk.
  2696 | D:4      | Killed Eustachio
  3392 | D:4      | 3392 ||| UPGRADING to +0 pair of gloves.
  3397 | D:4      | 3397 ||| READING scroll of enchant armour.
  3397 | D:4      | 3397 ||| ENCHANTING +0 pair of gloves.
  3398 | D:4      | 3398 ||| READING scroll labelled GOTYKK TIFAF.
  3399 | D:4      | 3399 ||| DRINKING 2 dark potions.
  3434 | D:4      | 3434 ||| DRINKING 5 fizzy black potions.
  3435 | D:4      | 3435 ||| READING 3 scrolls of identify.
  3435 | D:4      | 3435 ||| IDENTIFYING bubbling cyan potion
  3436 | D:4      | 3436 ||| READING 2 scrolls of identify.
  3436 | D:4      | 3436 ||| IDENTIFYING lumpy coppery potion
  3437 | D:4      | 3437 ||| DROPPING potion of attraction.
  3438 | D:4      | 3438 ||| DROPPING potion of lignification.
  3462 | D:5      | Entered Level 5 of the Dungeon
  3462 | D:5      | Found an opulent altar of Gozag.
  3470 | D:5      | Found an ornate altar of the Wu Jian Council.
  3547 | D:5      | 3547 ||| Stepping ~*~*~tactically~*~*~ (stealth).
  3653 | D:5      | Found a broken altar of Ashenzari.
  3991 | D:5      | Found a staircase to the Ecumenical Temple.
  3995 | D:5      | Noticed Menkaure
  3996 | D:5      | 3996 ||| Stepping ~*~*~tactically~*~*~ (hiding).
  3998 | D:5      | 3998 ||| Stepping ~*~*~tactically~*~*~ (hiding).
  3999 | D:5      | 3999 ||| Stepping ~*~*~tactically~*~*~ (hiding).
  4002 | D:5      | 4002 ||| INVOKING Berserk.
  4005 | D:5      | Killed Menkaure
  4006 | D:5      | Reached skill level 10 in Axes
  4006 | D:5      | Reached XP level 8. HP: 70/70 MP: 7/7
  4243 | D:5      | 4243 ||| READING scroll labelled UGEIGI FORRIUBRAG.
  4244 | D:5      | 4244 ||| READING 2 scrolls of identify.
  4244 | D:5      | 4244 ||| IDENTIFYING smoky purple potion
  4245 | D:5      | 4245 ||| DROPPING potion of brilliance.
  4305 | D:6      | Reached skill level 1 in Throwing
  4310 | D:6      | Reached skill level 6 in Fighting
  4310 | D:6      | 4310 ||| INVOKING Berserk.
  4318 | D:6      | Reached skill level 11 in Axes
  4346 | D:6      | 4346 ||| Stepping ~*~*~tactically~*~*~ (stealth).
  4356 | D:6      | Reached skill level 3 in Dodging
  4508 | D:6      | 4508 ||| INVOKING Berserk.
  4524 | D:6      | Reached *** piety under Trog
  4526 | D:6      | 4526 ||| Stepping ~*~*~tactically~*~*~ (hiding).
  4527 | D:6      | 4527 ||| Stepping ~*~*~tactically~*~*~ (hiding).
  4612 | D:6      | 4612 ||| FLEEEEING.
  4613 | D:6      | 4613 ||| FLEEEEING.
  4614 | D:6      | 4614 ||| STAIRDANCE
  4708 | D:6      | 4708 ||| FLEEEEING.
  4709 | D:6      | 4709 ||| FLEEEEING.
  4710 | D:6      | 4710 ||| FLEEEEING.
  4711 | D:6      | 4711 ||| STAIRDANCE
  4773 | D:6      | 4773 ||| STAIRDANCE
  4962 | D:6      | 4962 ||| DROPPING +0 mace.
  4977 | D:6      | 4977 ||| FLEEEEING.
  4978 | D:6      | 4978 ||| FLEEEEING.
  4979 | D:6      | 4979 ||| FLEEEEING.
  4980 | D:6      | 4980 ||| FLEEEEING.
  4986 | D:6      | 4986 ||| FLEEEEING.
  4987 | D:6      | 4987 ||| FLEEEEING.
  4988 | D:6      | 4988 ||| FLEEEEING.
  4989 | D:6      | 4989 ||| FLEEEEING.
  4990 | D:6      | 4990 ||| FLEEEEING.
  4991 | D:6      | 4991 ||| FLEEEEING.
  4992 | D:6      | 4992 ||| FLEEEEING.
  4993 | D:6      | 4993 ||| STAIRDANCE
  5061 | D:5      | 5061 ||| DROPPING orb of energy.
  5062 | D:5      | 5062 ||| READING scroll labelled OLOYSAOMNU.
  5063 | D:5      | 5063 ||| READING 3 scrolls of identify.
  5063 | D:5      | 5063 ||| IDENTIFYING bubbling brown potion
  5064 | D:5      | 5064 ||| READING 2 scrolls of identify.
  5064 | D:5      | 5064 ||| IDENTIFYING fuming amethyst potion
  5065 | D:5      | 5065 ||| DROPPING potion of ambrosia.
  5187 | D:6      | 5187 ||| INVOKING Berserk.
  5194 | D:6      | Reached skill level 12 in Axes
  5313 | D:6      | Noticed a +0 spear
  5313 | D:6      | Noticed a +0 falchion
  5314 | D:6      | Noticed a +0 dagger
  5314 | D:6      | Noticed a +0 spear
  5315 | D:6      | Noticed a +0 short sword
  5316 | D:6      | Found a hide-covered altar of Uskayaw.
  5316 | D:6      | Noticed a +0 dagger
  5316 | D:6      | Noticed a +0 short sword
  5316 | D:6      | Noticed a +0 falchion
  5503 | D:6      | Reached XP level 9. HP: 73/79 MP: 8/8
  5619 | D:6      | 5619 ||| FLEEEEING.
  5619 | D:6      | Found a white marble altar of Elyvilon.
  5620 | D:6      | 5620 ||| FLEEEEING.
  5621 | D:6      | 5621 ||| FLEEEEING.
  5622 | D:6      | 5622 ||| FLEEEEING.
  5623 | D:6      | 5623 ||| FLEEEEING.
  5624 | D:6      | 5624 ||| FLEEEEING.
  5625 | D:6      | 5625 ||| FLEEEEING.
  5626 | D:6      | 5626 ||| FLEEEEING.
  5627 | D:6      | 5627 ||| FLEEEEING.
  5628 | D:6      | 5628 ||| FLEEEEING.
  5629 | D:6      | 5629 ||| FLEEEEING.
  5630 | D:6      | 5630 ||| FLEEEEING.
  5631 | D:6      | 5631 ||| FLEEEEING.
  5632 | D:6      | 5632 ||| FLEEEEING.
  5633 | D:6      | 5633 ||| FLEEEEING.
  5634 | D:6      | 5634 ||| FLEEEEING.
  5636 | D:6      | 5636 ||| FLEEEEING.
  5638 | D:6      | 5638 ||| FLEEEEING.
  5810 | D:6      | 5810 ||| INVOKING Berserk.
  5892 | D:6      | 5892 ||| READING scroll labelled OCOGAI FOC LUMP.
  5893 | D:6      | 5893 ||| READING 2 scrolls of identify.
  5893 | D:6      | 5893 ||| IDENTIFYING grey potion
  5894 | D:6      | 5894 ||| DROPPING potion of flight.
  5930 | D:7      | 5930 ||| FLEEEEING.
  5931 | D:7      | 5931 ||| FLEEEEING.
  5932 | D:7      | 5932 ||| FLEEEEING.
  5933 | D:7      | 5933 ||| FLEEEEING.
  5935 | D:7      | 5935 ||| FLEEEEING.
  5936 | D:7      | 5936 ||| STAIRDANCE
  5992 | D:7      | 5992 ||| STAIRDANCE
  5994 | D:6      | 5994 ||| INVOKING Berserk.
  6134 | D:7      | 6134 ||| INVOKING Berserk.
  6459 | D:7      | 6459 ||| SWAPPING to +0 war axe.
  6465 | D:7      | 6465 ||| DROPPING +2 hand axe.
  6562 | D:7      | 6562 ||| INVOKING Berserk.
  6566 | D:7      | Reached skill level 13 in Axes
  7092 | D:7      | 7092 ||| INVOKING Berserk.
  7544 | D:7      | 7544 ||| READING 2 scrolls of identify.
  7544 | D:7      | 7544 ||| IDENTIFYING metallic puce potion
  7578 | D:8      | 7578 ||| INVOKING Berserk.
  7710 | D:8      | 7710 ||| Stepping ~*~*~tactically~*~*~ (stealth).
  7729 | D:8      | 7729 ||| INVOKING Berserk.
  7749 | D:8      | Reached skill level 14 in Axes
  7753 | D:8      | HP: 19/81 [killer bee (3)]
  7754 | D:8      | 7754 ||| READING 2 scrolls of teleportation.
  7755 | D:8      | 7755 ||| DRINKING potion of heal wounds.
  7760 | D:8      | HP: 14/81 [killer bee (8)]
  7761 | D:8      | 7761 ||| READING scroll of teleportation.
  7761 | D:8      | HP: 5/81 [killer bee (6)]
  7762 | D:8      | HP: 2/81 [poisoned by a killer bee]
  7763 | D:8      | Succumbed to a killer bee's poison

Levels and vault maps discovered:
D:1:      matt_arrival_refuge, layout_basic, serial_corexii_hall,
          chequers_hall_statues_wall_a, corexii_hall_statues_l,
          chequers_hall_statues_y, corexii_hall_statues_i,
          corexii_hall_statues_l, corexii_hall_statues_i
D:2:      layout_basic, basic_ecumenical_altar
D:3:      layout_rooms, trog_three_pillars_becter, mrwooster_statue_mirror,
          serial_park_tiny_2, uniq_terence, uniq_crazy_yiuf_cottage
D:4:      layout_gridville, chequers_temple_overflow_minitemple, uniq_grinder,
          uniq_eustachio, uniq_sigmund
D:5:      layout_cave_pools, mainiacjoe_overflow_boulevard,
          ashenzari_conservatory_becter, overflow_temple_1_default,
          minmay_temple_entry_ruins, roderic_lattice_a, kennysheep_crisscross,
          minmay_misc_feat_roman, uniq_menkaure
D:6:      layout_cave_pools, nicolae_elyvilon_temple_path,
          nicolae_uskayaw_en_pointe
D:7:      layout_loops_corners, kennysheep_another_room
D:8:      layout_rooms

Skill      XL: |  1  2  3  4  5  6  7  8  9 |
---------------+----------------------------+-----
Axes           | 4 5 6 7 9 10 12 14 | 14.2
Fighting       | 5 7 8 |  8.0
Armour         | 4 5 |  5.0
Throwing       | 1 |  1.6
Dodging        | 3 4 |  4.0

Action                   |  1- 3 |  4- 6 |  7- 9 || total
-------------------------+-------+-------+-------++-------
Melee: Hand axe          |    74 |    27 |   126 ||   227
       Headbutt          |     8 |     7 |    40 ||    55
       Punch             |       |     1 |     1 ||     2
       War axe           |       |       |    87 ||    87
Throw: Boomerang         |    36 |    25 |    56 ||   117
Invok: Berserk           |       |     4 |    12 ||    16
       Trog's Hand       |       |     1 |       ||     1
  Use: Scroll            |     5 |     1 |    14 ||    20
       Potion            |     1 |       |     3 ||     4
Armor: Animal skin       |     4 |       |       ||     4
       Ring mail         |     4 |       |       ||     4
       Chain mail        |     1 |    10 |    78 ||    89
Dodge: Dodged            |    35 |    10 |    90 ||   135

Table legend:
 A = Non-vault XP
 B = Vault XP
 C = Vault XP percentage of total XP
 D = Non-vault monster count
 E = Vault monster count
 F = Vault count percentage of total count
                 A         B        C        D         E       F
            +---------+---------+-------+---------+---------+-------
      Total |    4204 |     908 |  17.8 |     142 |       5 |   3.4
            +---------+---------+-------+---------+---------+-------
        D:1 |      37 |       0 |   0.0 |      19 |       0 |   0.0
        D:2 |      36 |       0 |   0.0 |      14 |       0 |   0.0
        D:3 |      41 |      36 |  46.8 |      13 |       1 |   7.1
        D:4 |     304 |     689 |  69.4 |      13 |       3 |  18.8
        D:5 |     198 |     183 |  48.0 |       6 |       1 |  14.3
        D:6 |    1525 |       0 |   0.0 |      35 |       0 |   0.0
        D:7 |    1053 |       0 |   0.0 |      20 |       0 |   0.0
        D:8 |    1010 |       0 |   0.0 |      22 |       0 |   0.0
            +---------+---------+-------+---------+---------+-------
